 Dungeon Crawl Stone Soup version 0.27.1-35-g4d5d836560 (webtiles) character file.

Game seed: 17166177868314653162

9512 Delamore the Slicer (level 11, -6/71 HPs)
             Began as an Octopode Brigand on Mar 20, 2022.
             Was an Initiate of Gozag.
             Mangled by a blink frog (14 damage)
             ... on level 1 of the Lair of Beasts.
             The game lasted 00:22:55 (16142 turns).

Delamore the Slicer (Octopode Brigand)             Turns: 16142, Time: 00:22:56

Health: -6/71      AC:  1    Str: 10    XL:     11   Next: 47%
Magic:  11/11      EV: 20    Int: 13    God:    Gozag
Gold:   529        SH:  7    Dex: 30    Spells: 10/10 levels left

rFire    . . .     SeeInvis .   E - +2 dagger (venom)
rCold    . . .     Faith    +   N - +0 buckler
rNeg     . . .     Spirit   .   (helmet restricted)
rPois    .         Reflect  .   d - amulet of faith
rElec    .         Harm     .   u - +6 ring of dexterity
rCorr    .         Rampage  .   v - +6 ring of dexterity
Will     .....                  M - ring of flight
Stlth    ++++++....             (no ring)
HPRegen  0.21/turn              (no ring)
MPRegen  0.12/turn              (no ring)
                                (no ring)
                                (no ring)

@: flying
A: almost no armour, amphibious, 8 rings, camouflage 1, gelatinous body 1,
(nimble swimmer 1), tentacles
a: Renounce Religion, Potion Petition, Call Merchant, Bribe Branch


You were on level 1 of the Lair of Beasts.
You worshipped Gozag.
Gozag was pleased with you.
You visited 2 branches of the dungeon, and saw 10 of its levels.
You also visited: Sewer.

You collected 2079 gold pieces.
You paid 1550 gold pieces to Gozag.

Inventory:

Hand Weapons
 a - a +2 dagger
 D - a +1 whip of venom
 E - a +2 dagger of venom (weapon)
 H - a +6 dagger
Missiles
 k - a boomerang (quivered)
 m - 2 curare-tipped darts
 n - 45 poisoned darts
 t - 3 atropa-tipped darts
 F - 6 boomerangs of dispersal
Armour
 y - a +0 kite shield
 N - a +0 buckler (worn)
Jewellery
 d - an amulet of faith (around mantle)
 u - a +6 ring of dexterity (left tentacle)
 v - a +6 ring of dexterity (right tentacle)
 M - a ring of flight (on tentacle)
Wands
 p - a wand of digging (4)
 G - a wand of paralysis (14)
 L - a wand of flame (68)
Scrolls
 h - 7 scrolls of magic mapping
 i - 3 scrolls of amnesia
 j - a scroll of silence
 q - 2 scrolls of fog
 s - 3 scrolls of noise
 x - a scroll of fear
 I - a scroll of teleportation
 O - a scroll of torment
Potions
 b - 2 potions of might {unknown}
 c - a potion of ambrosia {unknown}
 e - a potion of resistance {unknown}
 f - a potion of degeneration {unknown}
 g - a potion of magic {unknown}
 l - 5 potions of lignification
 o - 4 potions of curing {unknown}
 r - a potion of cancellation {unknown}
 w - 2 potions of brilliance {unknown}
 z - 2 potions of invisibility {unknown}
 A - a potion of attraction {unknown}
 B - a potion of flight {unknown}
 C - a potion of haste {unknown}
 K - 3 potions of berserk rage


   Skills:
 - Level 5.0 Fighting
 - Level 12.4 Short Blades
 + Level 4.6 Throwing
 + Level 6.6 Dodging
 - Level 10.0 Stealth
 + Level 4.0 Shields
 + Level 4.4 Evocations


You had 10 spell levels left.
You didn't know any spells.
Your spell library contained the following spells:

 Spells                   Type           Power      Damage    Failure   Level
 Animate Skeleton         Necr           0%         N/A       30%         1
 Apportation              Tloc           0%         N/A       30%         1
 Corona                   Hex            0%         N/A       30%         1
 Magic Dart               Conj           0%         1d3       30%         1
 Summon Small Mammal      Summ           0%         N/A       30%         1
 Blink                    Tloc           N/A        N/A       43%         2
 Call Imp                 Summ           0%         N/A       43%         2
 Ensorcelled Hibernation  Hex/Ice        0%         N/A       43%         2
 Slow                     Hex            0%         N/A       43%         2
 Confusing Touch          Hex            0%         N/A       67%         3
 Lesser Beckoning         Tloc           0%         N/A       67%         3
 Mephitic Cloud           Conj/Pois/Air  0%         N/A       67%         3
 Portal Projectile        Hex/Tloc       0%         N/A       67%         3
 Spider Form              Tmut/Pois      0%         N/A       67%         3
 Vampiric Draining        Necr           0%         2d6       67%         3
 Leda's Liquefaction      Hex/Erth       0%         N/A       97%         4
 Blade Hands              Tmut           0%         N/A       100%        5
 Bolt of Magma            Conj/Fire/Erth 0%         4d4       100%        5
 Excruciating Wounds      Necr           0%         N/A       100%        5
 Manifold Assault         Tloc           0%         N/A       100%        5
 Shadow Creatures         Summ           N/A        N/A       100%        6
 Statue Form              Tmut/Erth      0%         N/A       100%        6
 Storm Form               Tmut/Air       0%         N/A       100%        7


Dungeon Overview and Level Annotations

Branches:
Dungeon (9/15)             Temple (0/1) D:5            Lair (1/6) D:8
  Sewer (visited)
    Orc: D:9-12

Altars:
Ashenzari
Gozag
Hepliaklqana
Kikubaaqudgha
Okawaru
Ru
Sif Muna
Trog
Uskayaw
Vehumet
Wu Jian
Xom

Shops:
D:6 =   Lair:1 (

Annotations:
Lair:1 exclusion: oklob plant


Innate Abilities, Weirdness & Mutations

You cannot wear most types of armour.
You are amphibious.
You can wear up to eight rings at the same time.
Your skin changes colour to match your surroundings (Stealth+).
Your rubbery body absorbs attacks. (AC +1, EV +1)
((You are camouflaged near water. (Stealth+)))
You have tentacles for arms and can constrict up to eight enemies at once.


Message History

You block the komodo dragon's attack.
You hit the komodo dragon.
The komodo dragon is lightly wounded.
You hit the komodo dragon. You squeeze the komodo dragon.
The komodo dragon is moderately wounded.
You block the komodo dragon's attack.
You hit the komodo dragon.
The komodo dragon is moderately wounded.
You hit the komodo dragon but do no damage.
The komodo dragon looks as sick as possible!
You squeeze the komodo dragon.
The komodo dragon is moderately wounded.
You block the komodo dragon's attack.
You barely miss the komodo dragon. Your squeeze misses the komodo dragon.
The komodo dragon is moderately wounded.
You block the blink frog's attack.
You hit the komodo dragon.
The komodo dragon looks as sick as possible!
The komodo dragon is heavily wounded.
The komodo dragon bites you! The blink frog barely misses you.
You hit the komodo dragon but do no damage.
The komodo dragon looks as sick as possible!
The komodo dragon is heavily wounded.
You hit the komodo dragon but do no damage.
The komodo dragon looks as sick as possible!
You squeeze the komodo dragon!
The komodo dragon is severely wounded.
The blink frog completely misses you. The komodo dragon bites you!
You closely miss the komodo dragon.
You squeeze the komodo dragon, but do no damage.
The komodo dragon is severely wounded.
You block the blink frog's attack.
You hit the komodo dragon but do no damage.
You squeeze the komodo dragon.
The komodo dragon is severely wounded.
The komodo dragon bites you!!
* * * LOW HITPOINT WARNING * * *
The blink frog hits you!
You die...
Your body crumbles into a pile of gold.

#######..... # ........#.# .
#.......... . .......#.# .:
#......... .. #............
. ### ##### #........... .
###.#####P..#####l..........
.
#...............@F........#
#
#.........................#
#.........................#
#...............).........#
#.........................#
####################.....##
##...## #....## ##....#


You could see a komodo dragon (extremely poisoned) and a blink frog.

Vanquished Creatures
  A hydra (Lair:1)
  Erica (D:8)
  3 two-headed ogres
  Joseph (Lair:1)
  A wraith (D:6)
  A wyvern (D:9)
  4 orc warriors
  2 ice beasts
  A sky beast (D:7)
  5 black bears
  A necrophage (D:6)
  7 ogres
  A phantom (D:5)
  5 centaurs
  4 kobold brigands
  Blork the orc (D:5)
  A bullfrog (D:7)
  4 gnoll sergeants
  4 scorpions
  A water moccasin zombie (D:5)
  2 water moccasin skeletons
  12 wights
  9 howler monkeys
  2 bullfrog zombies
  2 centaur zombies
  9 hounds
  A jelly (D:5)
  A bullfrog skeleton (D:5)
  7 orc priests (D:6)
  3 gnoll shamans
  Ijyb (D:3)
  4 iguanas
  10 orc wizards (D:6)
  A killer bee zombie (D:6)
  A hound skeleton (D:4)
  Robin (D:2)
  A howler monkey zombie (D:9)
  22 gnolls
  A river rat (D:5)
  7 adders
  2 white imps
  An ufetubus (D:4)
  3 worms
  3 dart slugs
  16 orcs
  5 ball pythons
  9 bats
  5 endoplasms
  7 giant cockroaches
  10 goblins
  11 hobgoblins
  4 jackals (D:1)
  8 kobolds
  A quokka (D:1)
  A frilled lizard (D:1)
  5 rats
237 creatures vanquished.

Vanquished Creatures (others)
  2 plants (D:6)
2 creatures vanquished.

Grand Total: 239 creatures vanquished

Notes
Turn   | Place    | Note
-------+----------+-------------------------------------------
     0 | D:1      | Delamore the Octopode Brigand began the quest for the Orb.
     0 | D:1      | Reached XP level 1. HP: 14/14 MP: 1/1
   326 | D:1      | Reached XP level 2. HP: 19/19 MP: 2/2
   660 | D:1      | Reached XP level 3. HP: 21/24 MP: 3/3
   959 | D:1      | Found a faded altar of an unknown god.
  1497 | D:2      | Found an opulent altar of Gozag.
  1506 | D:2      | Became a worshipper of Gozag Ym Sagoz the Greedy
  1529 | D:2      | Noticed Robin
  1608 | D:2      | Killed Robin
  1632 | D:2      | Reached XP level 4. HP: 26/29 MP: 4/4
  2183 | D:2      | Reached skill level 3 in Short Blades
  2865 | D:3      | Reached XP level 5. HP: 31/34 MP: 5/5
  3150 | D:3      | Noticed an ogre
  3156 | D:3      | Killed an ogre
  3223 | D:3      | Reached XP level 6. HP: 39/39 MP: 6/6
  3228 | D:3      | Found an ancient bone altar of Kikubaaqudgha.
  3230 | D:3      | Noticed Ijyb
  3247 | D:3      | Killed Ijyb
  3456 | D:3      | Found a shimmering blue altar of Sif Muna.
  4032 | D:4      | Reached skill level 4 in Short Blades
  4465 | D:4      | Reached XP level 7. HP: 45/45 MP: 7/7
  4672 | D:4      | Found an iron altar of Okawaru.
  4799 | D:4      | Reached skill level 5 in Short Blades
  5185 | D:4      | Reached skill level 6 in Short Blades
  5656 | D:5      | Entered Level 5 of the Dungeon
  5656 | D:5      | Found a bloodstained altar of Trog.
  5732 | D:5      | Found a glowing drain.
  5736 | Sewer    | Entered a sewer
  5743 | Sewer    | Reached skill level 10 in Stealth
  5999 | D:5      | Reached XP level 8. HP: 37/50 MP: 8/8
  6019 | D:5      | Reached skill level 7 in Short Blades
  6461 | D:5      | Reached skill level 8 in Short Blades
  7308 | D:5      | Reached skill level 9 in Short Blades
  7506 | D:5      | Noticed Blork the orc
  7513 | D:5      | Killed Blork the orc
  7586 | D:5      | Reached XP level 9. HP: 54/54 MP: 9/9
  7786 | D:5      | Found a staircase to the Ecumenical Temple.
  8191 | D:6      | Reached skill level 10 in Short Blades
  8239 | D:6      | Noticed a two-headed ogre
  8241 | D:6      | Killed a two-headed ogre
  8632 | D:6      | Found a hazy altar of Hepliaklqana.
  8633 | D:6      | Found a shimmering altar of Xom.
  8634 | D:6      | Noticed a spectral ugly thing
  8888 | D:6      | Reached skill level 11 in Short Blades
  8916 | D:6      | Reached XP level 10. HP: 60/64 MP: 10/10
  8983 | D:6      | Noticed a two-headed ogre
  9034 | D:6      | Killed a two-headed ogre
  9045 | D:6      | Reached skill level 5 in Fighting
  9484 | D:6      | Reached skill level 5 in Dodging
  9524 | D:5      | Reached skill level 12 in Short Blades
 11020 | D:7      | Found an opulent altar of Gozag.
 11320 | D:7      | Reached skill level 1 in Shields
 11320 | D:7      | Reached skill level 1 in Evocations
 12558 | D:8      | Found a staircase to the Lair.
 13053 | D:8      | Noticed Erica
 13056 | D:8      | Killed Erica
 13057 | D:8      | Reached XP level 11. HP: 71/71 MP: 11/11
 13191 | D:8      | Found a sacrificial altar of Ru.
 13358 | D:8      | Found an ornate altar of the Wu Jian Council.
 13359 | D:8      | Found a hide-covered altar of Uskayaw.
 14687 | D:9      | Found a broken altar of Ashenzari.
 14774 | D:9      | Found a radiant altar of Vehumet.
 15225 | D:9      | Noticed a two-headed ogre
 15245 | D:9      | Killed a two-headed ogre
 15697 | Lair:1   | Entered Level 1 of the Lair of Beasts
 15713 | Lair:1   | Noticed a six-headed hydra
 15721 | Lair:1   | Killed a six-headed hydra
 16029 | Lair:1   | Noticed an oklob plant
 16088 | Lair:1   | Noticed Joseph
 16095 | Lair:1   | Killed Joseph
 16142 | Lair:1   | Mangled by a blink frog

Illustrated notes

Levels and vault maps discovered:
D:1:      minmay_arrival_doors, layout_basic, shapermc_ecumenical_altar_venn
D:2:      layout_loops_ring, basic_altar, uniq_robin
D:3:      layout_loops_ring, overflow_temple_1_default,
          mainiacjoe_overflow_concentric_impassable, uniq_ijyb
D:4:      layout_loops_corners, kennysheep_mini
D:5:      layout_rooms, trog_ov_bears_minmay, minmay_temple_entry_fiery,
          gup_sewer_entry_bowl, uniq_blork_the_orc
D:6:      lemuel_castle_with_subvaults [lemuel_castle_interior_original],
          layout_basic, regret_index_temple_of_mockery
D:7:      layout_gridville, mainiacjoe_overflow_24_doors
D:8:      layout_loops_corners, nicolae_overflow_crystal_walls,
          nicolae_overflow_hidden_temple, uniq_erica
D:9:      layout_layer_cave, grunt_temple_overflow_open, minmay_crystal_room
Lair:1:   layout_hall_layers, serial_forest, infiniplex_forest_lined_2,
          infiniplex_forest_straight_1, infiniplex_forest_lined_2,
          infiniplex_forest_end_3, infiniplex_forest_clump_small,
          infiniplex_forest_straight_2, infiniplex_forest_end_1,
          enter_volcano_2, st_stairs_8, minivault_19, beast_lair_carwin_3,
          serial_bayou_shore_b, minmay_lair_oklob_chamber, uniq_joseph

Skill      XL: |  1  2  3  4  5  6  7  8  9 10 11 |
---------------+----------------------------------+-----
Stealth        | 6 7 8 9 10 | 10.0
Short Blades   | 3 4 6 9 11 12 | 12.4
Fighting       | 4 5 |  5.0
Dodging        | 3 5 6 |  6.6
Shields        | 2 4 |  4.0
Evocations     | 3 4 |  4.4
Throwing       | 3 4 |  4.6

Action                   |  1- 3 |  4- 6 |  7- 9 | 10-12 || total
-------------------------+-------+-------+-------+-------++-------
Melee: Dagger            |    67 |    74 |   210 |   308 ||   659
       Constrict         |    14 |    22 |    39 |    54 ||   129
       Tentacles         |     7 |    15 |    89 |   135 ||   246
Throw: Dart              |     6 |     7 |    21 |    41 ||    75
       Boomerang         |       |    13 |     4 |    11 ||    28
Invok: Potion Petition   |       |       |     1 |       ||     1
       Call Merchant     |       |       |       |     2 ||     2
Evoke: Wand              |       |       |     4 |    12 ||    16
  Use: Scroll            |     2 |       |     6 |     7 ||    15
       Potion            |       |       |       |     1 ||     1
 Stab: Sleeping          |    14 |     9 |    20 |    11 ||    54
       Distracted        |     1 |     1 |     3 |     7 ||    12
       Paralysed         |       |       |       |     1 ||     1
Armor: Skin              |     1 |     6 |     7 |     3 ||    17
Dodge: Dodged            |    26 |    41 |    78 |   148 ||   293
Block: Buckler           |       |       |       |    11 ||    11
